AoeStats
← cobanizer

Arena

510412369Analyzed
4v4 RM · 16h ago on Sep 30, 2026· 21m 34s· 8 players
Game mode
Random Map
Map size
Large (8 player)
Population
200
Speed
Normal
Resources
Standard
Victory
Conquest
Starting age
Dark Age
Ending age
Imperial Age
RankedLock teamsTeams togetherTeam positionsShared explorationLock speedFull tech treeHidden civsTurbo modeCheats
Victory
Defeat
1153
+15
🇺🇸 Varangians · United States
1134
+16
🇩🇪 Teutons · Germany
1122
+16
🇺🇸 Celts · United States
1114
+16
🇬🇧 Persians · United Kingdom
1142
-17
🇬🇧 Portuguese · United Kingdom
1139
-16
1138
-16
🇨🇱 Mongols · Chile
1088
-14
PassinGrass5794
9:56 Feudal Age
13:37 Castle Age
13:20 Double-Bit Axe
14:57 Forging
15:15 Horse Collar
15:50 Loom
16:41 Bow Saw
Nyniva
10:28 Feudal Age
10:19 Loom
14:18 Castle Age
12:34 Double-Bit Axe
14:02 Horse Collar
16:26 Gold Mining
21:07 Wheelbarrow
Thorin Escudo de Roble
5:43 Loom
8:32 Feudal Age
20:55 Castle Age
20:15 Horse Collar
20:21 Double-Bit Axe
cobanizer
10:50 Feudal Age
15:13 Castle Age
14:42 Bloodlines
14:33 Double-Bit Axe
18:59 Wheelbarrow
Baldwin IV the Leper King
10:59 Feudal Age
14:57 Castle Age
13:39 Stone Mining
13:47 Double-Bit Axe
13:53 Gold Mining
Hache_ldn
9:08 Feudal Age
$$ Xeba $$ :D
8:34 Feudal Age
16:21 Castle Age
16:05 Double-Bit Axe
18:18 Fletching
18:50 Padded Archer Armor
Estoy como loquita
10:46 Feudal Age
15:36 Castle Age
14:17 Double-Bit Axe
17:04 Loom
18:30 Bow Saw
19:42 Husbandry
19:57 Forging
Connection lost

Rejoining the realm…

Still unreachable

The connection could not be restored.

Session expired

The server has moved on; the page needs a fresh start.